 Dungeon Crawl Stone Soup version 0.20.1-1-g8b1a95d (webtiles) character file.

4443 Inarius the Scholar of Death (level 10, -6/73 (74) HPs)
             Began as a Demonspawn Necromancer on July 5, 2017.
             Was a Follower of Kikubaaqudgha.
             Mangled by Thaneod's ghost (19 damage)
             ... on level 9 of the Dungeon.
             The game lasted 00:48:42 (10162 turns).

Inarius the Scholar of Death (DsNe)                Turns: 10162, Time: 00:48:42

HP:   -6/73 (74)    AC: 11    Str: 14    XL:     10   Next: 15%
MP:   13/18         EV: 11    Int: 20    God:    Kikubaaqudgha [*.....]
Gold: 527           SH:  6    Dex: 13    Spells: 4/20 levels left

rFire    . . .     SeeInvis .   E - +1 hand axe (freeze)
rCold    . . .     Gourm    .   (no shield)
rNeg     . . .     Faith    .   p - +0 scale mail
rPois    .         Spirit   .   e - +0 helmet
rElec    .         Reflect  .   (no cloak)
rCorr    .         Harm     .   l - +0 pair of gloves
MR       .....                  j - +0 pair of boots
Stlth    ..........             (no amulet)
Regen    1.3/turn               (no ring)
MPRegen  0.2/turn               (no ring)

@: mighty, regenerating
A: large bone plates 2, powered by death 1, powered by pain 1
a: Receive Corpses, Renounce Religion


You were on level 9 of the Dungeon.
You worshipped Kikubaaqudgha.
Kikubaaqudgha was aware of your devotion.
You were hungry.

You visited 2 branches of the dungeon, and saw 10 of its levels.
You also visited: Ossuary.

You collected 527 gold pieces.

Inventory:

Hand Weapons
 g - a +0 mace
 n - a +2 dagger of venom
 E - a +1 hand axe of freezing (weapon)
Armour
 e - a +0 helmet (worn)
 j - a +0 pair of boots (worn)
 k - a +0 ring mail
 l - a +0 pair of gloves (worn)
 p - a +0 scale mail (worn)
Wands
 y - a wand of paralysis (15/24)
 G - a wand of digging (13/24)
 M - a wand of acid (2/15)
 R - a wand of flame (8/48)
Scrolls
 d - 2 scrolls of enchant armour {unknown}
 f - a scroll of immolation {unknown}
 o - 9 scrolls of teleportation
 s - 2 scrolls of noise {unknown}
 t - 3 scrolls of remove curse
 v - 4 scrolls of recharging {unknown}
 w - a scroll of random uselessness {unknown}
 F - 2 scrolls of enchant weapon {unknown}
 I - a scroll of magic mapping {unknown}
 L - 2 scrolls of identify
Potions
 a - a potion of might
 h - 2 potions of flight
 i - 2 potions of agility
 m - a potion of berserk rage {unknown}
 q - 4 potions of curing
 x - 2 potions of ambrosia {unknown}
 z - 2 potions of invisibility {unknown}
 A - 2 potions of lignification {unknown}
 B - a potion of haste {unknown}
 D - 2 potions of mutation
 H - a potion of magic {unknown}
 J - a potion of cancellation {unknown}
 K - 2 potions of heal wounds {unknown}
 N - 2 potions of brilliance {unknown}
 O - a potion of resistance {unknown}
Books
 b - a book of Necromancy

   Spells                             Type                      Level
   a - Pain                           Necromancy                   1
   b - Animate Skeleton               Necromancy                   1
   c - Vampiric Draining              Necromancy                   3
   d - Regeneration                   Charms/Necromancy            3
   e - Animate Dead                   Necromancy                   4
   f - Control Undead                 Necromancy                   4
 Q - Kikubaaqudgha's Tome of Black Rites
   (Kikubaaqudgha gifted it to you on level 8 of the Dungeon)

   Spells                             Type                      Level
   a - Animate Skeleton               Necromancy                   1
   b - Corpse Rot                     Necromancy                   2
   c - Sublimation of Blood           Necromancy                   2
   d - Vampiric Draining              Necromancy                   3
   e - Control Undead                 Necromancy                   4
Comestibles
 c - 6 bread rations
 r - 2 royal jellies
 u - 5 meat rations
 C - 26 fruits
 P - a chunk of flesh


   Skills:
 * Level 5.2 Fighting
 - Level 0.1 Short Blades
 - Level 1.0 Axes
 + Level 5.4 Armour
 + Level 4.5 Dodging
 - Level 1.7 Stealth
 + Level 5.6 Spellcasting
 + Level 1.9 Charms
 + Level 11.0 Necromancy
 * Level 0.6 Evocations


You had 4 spell levels left.
You knew the following spells:

 Your Spells              Type           Power        Failure   Level  Hunger
a - Pain                  Necr           ####         1%          1    None
b - Animate Skeleton      Necr           N/A          1%          1    None
c - Vampiric Draining     Necr           ######....   1%          3    ##.....
d - Regeneration          Chrm/Necr      ####......   9%          3    ##.....
e - Control Undead        Necr           ######....   4%          4    ####...
f - Animate Dead          Necr           N/A          4%          4    ####...


Dungeon Overview and Level Annotations

Branches:
Dungeon (9/15)             Temple (1/1) D:7
   Lair: D:8-11         Orc: D:9-12

Altars:
Dithmenos
Gozag
Hepliaklqana
Kikubaaqudgha
Makhleb
Nemelex Xobeh
Qazlal
Ru
Sif Muna
Trog
Xom
Yredelemnul
The Shining One

Shops:
D:6 }

Annotations:
D:8 tmwrnj's ghost, novice HOFi
D:9 Thaneod's ghost, novice MiBe


Innate Abilities, Weirdness & Mutations

You are mostly covered in large bone plates. (SH +6)
You regenerate a little health from kills.
You sometimes gain a little power by taking damage.


Message History

* * * LOW HITPOINT WARNING * * *
Your orc warrior zombie barely misses Thaneod's ghost.
Unknown command.
Your orc warrior zombie hits Thaneod's ghost but does no damage.
The shaft crumbles and collapses.
You hit Thaneod's ghost. You freeze Thaneod's ghost.
Thaneod's ghost is heavily damaged.
Thaneod's ghost hits you.
* * * LOW HITPOINT WARNING * * *
Casting: Animate Dead
Confirm with . or Enter, or press ? or * to list all spells.
Aiming: Vampiric Draining
Press: ? - help, Shift-Dir - straight line, f/p - Thaneod's ghost
Aim: Thaneod's ghost (heavily damaged)
You can't drain life from that!
Casting: Vampiric Draining
Confirm with . or Enter, or press ? or * to list all spells.
Your skin crawls.
Thaneod's ghost hits you!!
You die...
Kikubaaqudgha rasps: "You have failed me!
Welcome... death!"

...... ......# ..
.....+ .. ....# #.
...# #. #######.# #.
###.......## #.
#>...@WZ...##########.
#.........)...........
#.......)..########...
#..........# ##.#
#..........# #.#
#..........# #.#
#..........# #.#
...#######... #.# ..#
.#.(# #.#


You could see Thaneod's ghost and a friendly orc warrior zombie.

Vanquished Creatures
  Prince Ribbit (D:8)
  2 hippogriffs (D:8)
  Grum (D:8)
  2 orc warriors
  An ice beast (D:7)
  2 sky beasts
  5 ogres
  A wolf (D:8)
  3 centaurs
  2 big kobolds
  A bullfrog (D:8)
  2 water moccasin zombies (Ossuary)
  A scorpion (D:6)
  5 killer bees
  4 howler monkeys
  2 crimson imps
  A bullfrog zombie (D:3)
  2 hounds
  6 orc priests
  A bullfrog skeleton (D:5)
  A gnoll shaman (D:7)
  An iguana (D:8)
  6 worker ants
  10 orc wizards
  A killer bee zombie (D:5)
  2 big kobold zombies (Ossuary)
  A mummy (Ossuary)
  A worker ant zombie (D:5)
  6 gnolls
  5 adders
  10 adder zombies
  An adder skeleton (D:5)
  3 worms
  3 dart slugs
  4 leopard geckos
  29 orcs
  A ball python (D:1)
  4 bats
  3 giant cockroaches
  3 gnoll zombies (Ossuary)
  10 goblins
  7 hobgoblins
  8 jackals
  7 kobolds
  6 quokkas
  3 frilled lizards
  4 hobgoblin zombies (Ossuary)
  A jackal skeleton (D:4)
  5 kobold zombies (Ossuary)
  A leopard gecko skeleton (D:4)
  2 leopard gecko zombies (D:5)
  4 orc zombies (Ossuary)
  7 rats
205 creatures vanquished.

Vanquished Creatures (collateral kills)
  The ghost of vishdafish the Covered, a novice GrFi (D:5)
  A water moccasin (D:8)
  A black bear (D:8)
  2 wolves (D:8)
  A bullfrog (D:8)
  A wyvern zombie (D:8)
  A killer bee (D:6)
  A water moccasin skeleton (D:8)
  2 howler monkeys
  2 crimson imps
  A bullfrog zombie (D:8)
  2 hounds
  A centaur skeleton (D:7)
  An orc wizard (D:8)
  A worker ant (D:5)
  A mummy (Ossuary)
  3 gnolls (D:8)
  2 oozes
  An adder zombie (D:8)
  2 worms (D:3)
  2 orcs
  A bat (D:2)
  2 hobgoblins
  A quokka (D:4)
  A frilled lizard (D:3)
  A goblin (D:1)
  2 kobolds
38 creatures vanquished.

Vanquished Creatures (others)
  A plant (D:4)
1 creature vanquished.

Grand Total: 244 creatures vanquished

Notes
Turn   | Place    | Note
-------+----------+-------------------------------------------
     0 | D:1      | Inarius the Demonspawn Necromancer began the quest for the Orb.
     0 | D:1      | Reached XP level 1. HP: 13/13 MP: 3/3
    87 | D:1      | Learned a level 1 spell: Animate Skeleton
   390 | D:1      | Gained mutation: You regenerate a little health from kills. [demonic ancestry]
   390 | D:1      | Reached XP level 2. HP: 11/19 MP: 3/5
   926 | D:1      | Reached skill level 5 in Necromancy
  1202 | D:1      | Reached XP level 3. HP: 14/24 MP: 4/6
  1663 | D:2      | Learned a level 3 spell: Vampiric Draining
  2132 | D:3      | Gained mutation: You sometimes gain a little power by taking damage. [demonic ancestry]
  2132 | D:3      | Reached XP level 4. HP: 27/30 MP: 8/8
  2188 | D:3      | Learned a level 3 spell: Regeneration
  2470 | D:3      | Reached XP level 5. HP: 11/36 MP: 9/9
  2961 | D:4      | Noticed an ogre
  2972 | D:4      | Killed an ogre
  2972 | D:4      | Reached skill level 1 in Fighting
  2972 | D:4      | Reached skill level 1 in Armour
  2972 | D:4      | Reached skill level 6 in Necromancy
  3060 | D:4      | Found a sand-covered staircase.
  3065 | Ossuary  | Entered an ossuary
  3226 | Ossuary  | Gained mutation: You are partially covered in large bone plates. (SH +4) [demonic ancestry]
  3226 | Ossuary  | Reached XP level 6. HP: 9/43 MP: 11/11
  3537 | Ossuary  | Learned a level 4 spell: Control Undead
  4201 | D:4      | Reached skill level 1 in Charms
  4231 | D:4      | Reached XP level 7. HP: 40/50 MP: 7/12
  5120 | D:5      | Entered Level 5 of the Dungeon
  5120 | D:5      | Noticed vishdafish's ghost (novice GrFi)
  5160 | D:5      | Killed vishdafish's ghost
  5160 | D:5      | Reached skill level 7 in Necromancy
  5482 | D:4      | Reached XP level 8. HP: 31/57 MP: 7/15
  5880 | D:4      | Reached skill level 5 in Spellcasting
  6070 | D:5      | Learned a level 4 spell: Animate Dead
  6323 | D:5      | Reached skill level 1 in Axes
  6752 | D:6      | Reached skill level 8 in Necromancy
  6812 | D:6      | Found Eguudiq's Gadget Boutique.
  7424 | D:6      | Reached XP level 9. HP: 56/63 MP: 7/17
  7620 | D:7      | Reached skill level 9 in Necromancy
  7780 | D:7      | Found a staircase to the Ecumenical Temple.
  7800 | Temple   | Entered the Ecumenical Temple
  7807 | Temple   | Became a worshipper of Kikubaaqudgha
  8408 | D:8      | Noticed Prince Ribbit
  8429 | D:8      | Killed Prince Ribbit
  8580 | D:8      | Noticed Grum
  8583 | D:8      | Reached skill level 10 in Necromancy
  8601 | D:8      | Killed Grum
  8601 | D:8      | Reached skill level 5 in Armour
  8672 | D:8      | Reached * piety under Kikubaaqudgha
  8672 | D:8      | Identified Kikubaaqudgha's Tome of Black Rites (Kikubaaqudgha gifted it to you on level 8 of the Dungeon)
  8672 | D:8      | Received a gift from Kikubaaqudgha
  8782 | D:8      | Noticed tmwrnj's ghost (novice HOFi)
  9369 | D:8      | Reached skill level 5 in Fighting
  9415 | D:8      | Gained mutation: You are mostly covered in large bone plates. (SH +6) [demonic ancestry]
  9415 | D:8      | Reached XP level 10. HP: 21/73 MP: 9/18
  9557 | D:8      | Reached skill level 11 in Necromancy
 10124 | D:9      | Noticed Thaneod's ghost (novice MiBe)
 10162 | D:9      | Mangled by Thaneod's ghost

Skill      XL: |  1  2  3  4  5  6  7  8  9 10 |
---------------+-------------------------------+-----
Necromancy     | 5 6 7 8 10 11 | 11.0
Dodging        | 2 3 4 |  4.5
Spellcasting   | 3 4 5 |  5.6
Fighting       | 1 2 3 5 |  5.2
Armour         | 1 2 3 4 5 |  5.4
Charms         | 1 |  1.9
Axes           | 1 |  1.0
Short Blades   | |  0.1
Stealth        | |  1.7
Evocations     | |  0.6

Action                   |  1- 3 |  4- 6 |  7- 9 | 10-12 || total
-------------------------+-------+-------+-------+-------++-------
Melee: Mace              |    34 |   100 |       |       ||   134
       Dagger            |    33 |   235 |   424 |    35 ||   727
       Hand axe          |       |       |    48 |    41 ||    89
Throw: Tomahawk          |     5 |       |       |       ||     5
 Cast: Pain              |    37 |    24 |    59 |     9 ||   129
       Animate Skeleton  |    18 |     9 |    29 |     3 ||    59
       Vampiric Draining |     2 |     5 |    49 |     6 ||    62
       Control Undead    |       |     2 |    10 |     2 ||    14
       Regeneration      |       |     1 |    12 |     5 ||    18
       Animate Dead      |       |       |    11 |     2 ||    13
  Use: Potion            |       |     4 |     5 |     1 ||    10
       Scroll            |       |     5 |     7 |       ||    12
 Stab: Distracted        |       |     1 |     2 |       ||     3
  Eat: Chunk             |     5 |     4 |    14 |     3 ||    26
       Bread ration      |       |     1 |     2 |       ||     3
       Fruit             |       |       |     1 |       ||     1
Armor: Robe              |     9 |       |       |       ||     9
       Ring mail         |    20 |   121 |   194 |     3 ||   338
       Scale mail        |       |       |       |    26 ||    26
Dodge: Dodged            |    49 |   125 |   266 |    33 ||   473
Block: Other             |       |    23 |    88 |    27 ||   138
